 Dungeon Crawl Stone Soup version 0.27-a0-1200-g94dc6ad4cf (webtiles) character file.

Game seed: 4926145952348050068

7627 polve the Basher (level 10, -8/139 HPs)
             Began as a Minotaur Berserker on May 30, 2021.
             Was a High Priest of Trog.
             Shot with a bolt by a yaktaur captain (21 damage)
             ... on level 9 of the Dungeon.
             The game lasted 00:07:51 (9370 turns).

polve the Basher (Minotaur Berserker)               Turns: 9370, Time: 00:07:52

Health: -8/139     AC: 18    Str: 22    XL:     10   Next: 98%
Magic:  9/9        EV: 11    Int:  4    God:    Trog [*****.]
Gold:   586        SH:  0    Dex: 13    Spells: 9/9 levels left

rFire    . . .     SeeInvis .   N - +3 dire flail
rCold    . . .     Faith    .   (shield currently unavailable)
rNeg     . . .     Spirit   .   i - +2 chain mail {Will+}
rPois    .         Reflect  .   (helmet restricted)
rElec    .         Harm     .   h - scarf {repulsion}
rCorr    +         Rampage  .   (no gloves)
Will     +....                  (no boots)
Stlth    ..........             (no amulet)
HPRegen  0.33/turn              D - +4 ring of protection
MPRegen  0.11/turn              y - ring "Dakkynopn" {rCorr Str-2 Dex+2 Slay+2}

@: berserking, studying Armour, repel missiles, very quick
A: horns 2, retaliatory headbutt
a: Renounce Religion, Berserk, Trog's Hand, Brothers in Arms


You were on level 9 of the Dungeon.
You worshipped Trog.
Trog was extremely pleased with you.
You visited 1 branch of the dungeon, and saw 9 of its levels.

You collected 586 gold pieces.

Inventory:

Hand Weapons
 N - a +3 dire flail (weapon)
Missiles
 a - a throwing net
 b - 2 boomerangs of dispersal
 E - 7 curare-tipped darts
Armour
 h - a scarf of repulsion (worn)
 i - a +2 chain mail of willpower (worn)
Jewellery
 y - the ring "Dakkynopn" (right hand) {rCorr Str-2 Dex+2 Slay+2}
   (You found it on level 6 of the Dungeon)

   [ring of resist corrosion]

   It affects your strength (-2).
   It affects your dexterity (+2).
   It affects your accuracy and damage with ranged weapons and melee attacks
   (+2).
   It protects you from acid and corrosion.
 D - a +4 ring of protection (left hand)
Wands
 e - a wand of flame (47)
 B - a wand of acid (24)
 G - a wand of iceblast (9)
 H - a wand of digging (7)
 J - a wand of mindburst (10)
 K - a wand of charming (4)
Scrolls
 d - a scroll of fog {unknown}
 l - 6 scrolls of noise {unknown}
 m - a scroll of summoning {unknown}
 p - 3 scrolls of vulnerability {unknown}
 r - 2 scrolls of identify {unknown}
 t - a scroll of blinking {unknown}
 w - a scroll of immolation {unknown}
 C - 2 scrolls of teleportation {unknown}
 F - a scroll of enchant weapon {unknown}
 I - 2 scrolls of magic mapping {unknown}
Potions
 c - 6 potions of curing {unknown}
 f - 5 potions of lignification {unknown}
 g - 2 potions of resistance {unknown}
 j - 2 potions of degeneration {unknown}
 k - a potion of brilliance {unknown}
 n - 2 potions of haste {unknown}
 o - 2 potions of might
 s - a potion of cancellation {unknown}
 u - a potion of mutation {unknown}
 v - a potion of flight {unknown}
 z - 2 potions of attraction {unknown}
 A - a potion of berserk rage {unknown}
 M - a potion of heal wounds {unknown}


   Skills:
 + Level 9.8 Fighting
 * Level 12.9 Maces & Flails
 + Level 12.4 Armour
 + Level 8.7 Dodging


You had 9 spell levels left.
You didn't know any spells.
Your spell library was empty.

Dungeon Overview and Level Annotations

Branches:
Dungeon (9/15)             Temple (0/1) D:4
   Lair: D:8-11         Orc: D:9-12

Altars:
Ashenzari
Cheibriados
Dithmenos
Fedhas
Okawaru
Ru
Trog
Vehumet
Xom
Yredelemnul

Shops:
D:1 ?   D:9 (

Annotations:
D:9 1 transporter


Innate Abilities, Weirdness & Mutations

You have a pair of horns on your head.
You reflexively headbutt those who attack you in melee.


Message History

The centaur warrior wields a +0 shortbow.
The centaur warrior shoots an arrow.
The arrow barely misses you. The yaktaur captain closely misses you.
The centaur warrior wields a +0 shortbow.
The centaur warrior shoots an arrow.
The arrow barely misses you.
The yaktaur captain wields a +0 arbalest.
The yaktaur captain shoots a bolt.
The bolt hits you!
The yaktaur captain shoots a bolt.
The bolt hits you!!
A red film seems to cover your vision as you go berserk!
You feel yourself moving faster!
You feel mighty!
The six-headed hydra bites you but does no damage.
The six-headed hydra bites you.
The six-headed hydra bites you but does no damage.
The six-headed hydra closely misses you.
The six-headed hydra bites you but does no damage.
The six-headed hydra bites you!
* * * LOW HITPOINT WARNING * * *
You sock the six-headed hydra! You headbutt the six-headed hydra!
The six-headed hydra is moderately wounded.
You completely miss the six-headed hydra.
The six-headed hydra is moderately wounded.
The six-headed hydra bites you but does no damage.
The six-headed hydra completely misses you.
The six-headed hydra bites you but does no damage.
The six-headed hydra bites you.
* * * LOW HITPOINT WARNING * * *
The six-headed hydra bites you!
* * * LOW HITPOINT WARNING * * *
The six-headed hydra bites you but does no damage.
You barely miss the six-headed hydra. You headbutt the six-headed hydra!
The six-headed hydra is heavily wounded.
You impale the six-headed hydra!! You headbutt the six-headed hydra.
You kill the six-headed hydra!
Trog accepts your kill.
The centaur warrior shoots an arrow.
The arrow hits you!
* * * LOW HITPOINT WARNING * * *
The centaur warrior shoots an arrow.
The arrow hits you.
* * * LOW HITPOINT WARNING * * *
The yaktaur captain shoots a bolt.
The bolt hits you!!
You die...

#..........# #..........#
#..........# #....>.....# ###
######........## #..
##..............# #..
######..#########....# ##..
#...##.##.......##...# ###...
##..##.#8.##@##.8#...# #.....
#..##.#$(##.##..#...###.....
#.....#$!.ccc...#.......####
#....©#_$....K..#©...#.##
#..#..#.).......#....#.#
###.....#$)##.##..#.#.##.#####
##.......#8.##.##.8#......##...
###........##c..©...##...........
##..........#########............


You could see a yaktaur captain, 2 centaur warriors and a kobold brigand.

Vanquished Creatures
  2 hydras (D:9)
  An ugly thing (D:9)
  Maurice (D:9)
  Joseph (D:9)
  Grinder (D:6)
  Prince Ribbit (D:6)
  A hornet (D:8)
  15 yaks
  A steam dragon (D:7)
  Menkaure (D:7)
  A water moccasin (D:7)
  3 sky beasts
  An ice beast (D:7)
  An orc warrior (D:8)
  2 black bears
  A centaur (D:7)
  3 ogres
  Blork the orc (D:6)
  2 kobold brigands
  2 bullfrogs (D:7)
  A scorpion (D:5)
  3 killer bees (D:8)
  10 wights
  2 hounds
  2 jellies
  A centaur zombie (D:7)
  2 orc priests
  Crazy Yiuf (D:6)
  A bullfrog skeleton (D:5)
  Jessica (D:2)
  Terence (D:2)
  7 orc wizards
  2 iguanas
  A mummy (D:8)
  8 gnolls
  8 adders
  A howler monkey skeleton (D:6)
  2 white imps (D:7)
  2 worms (D:2)
  A dart slug (D:5)
  24 orcs
  10 ball pythons
  5 bats
  5 endoplasms
  3 giant cockroaches
  6 goblins
  4 hobgoblins
  10 jackals
  A quokka (D:1)
  A frilled lizard (D:2)
  11 kobolds
  5 rats
184 creatures vanquished.

Notes
Turn   | Place    | Note
-------+----------+-------------------------------------------
     0 | D:1      | polve the Minotaur Berserker began the quest for the Orb.
     0 | D:1      | Reached XP level 1. HP: 19/19 MP: 0/0
    23 | D:1      | Reached XP level 2. HP: 26/27 MP: 1/1
   308 | D:1      | Found Gekhlar's Magic Scroll Boutique.
   484 | D:1      | Reached XP level 3. HP: 33/33 MP: 2/2
   742 | D:2      | Noticed Jessica
   745 | D:2      | Killed Jessica
   776 | D:2      | Found a faded altar of an unknown god.
   786 | D:2      | Reached XP level 4. HP: 28/40 MP: 3/3
  1103 | D:2      | Reached skill level 5 in Maces & Flails
  1106 | D:2      | Reached ** piety under Trog
  1648 | D:2      | Noticed Terence
  1659 | D:2      | Killed Terence
  1660 | D:2      | Reached XP level 5. HP: 34/47 MP: 4/4
  2313 | D:3      | Reached XP level 6. HP: 55/55 MP: 5/5
  2426 | D:3      | Reached *** piety under Trog
  2428 | D:3      | Reached skill level 5 in Fighting
  2865 | D:4      | Found an iron altar of Okawaru.
  3025 | D:4      | Reached skill level 5 in Armour
  3074 | D:4      | Found a broken altar of Ashenzari.
  3108 | D:4      | Found a staircase to the Ecumenical Temple.
  3172 | D:4      | Reached XP level 7. HP: 53/61 MP: 6/6
  4055 | D:5      | Entered Level 5 of the Dungeon
  4684 | D:5      | Reached skill level 5 in Dodging
  4684 | D:5      | Reached XP level 8. HP: 60/70 MP: 7/7
  5393 | D:6      | Noticed Grinder
  5397 | D:6      | Paralysed by Grinder for 3 turns
  5408 | D:6      | Killed Grinder
  5493 | D:6      | Noticed Prince Ribbit
  5494 | D:6      | Noticed Blork the orc
  5501 | D:6      | Killed Blork the orc
  5506 | D:6      | Reached **** piety under Trog
  5514 | D:6      | Killed Prince Ribbit
  5751 | D:6      | Identified the ring "Dakkynopn" {rCorr Str-2 Dex+2 Slay+2}
  5955 | D:6      | Found a sacrificial altar of Ru.
  5955 | D:6      | Found a shadowy altar of Dithmenos.
  5957 | D:6      | Found a radiant altar of Vehumet.
  5957 | D:6      | Found a bloodstained altar of Trog.
  5958 | D:6      | Found a blossoming altar of Fedhas.
  6085 | D:6      | Found a runed translucent door.
  6086 | D:6      | Noticed Crazy Yiuf
  6091 | D:6      | Killed Crazy Yiuf
  6209 | D:7      | Reached XP level 9. HP: 77/79 MP: 8/8
  6354 | D:7      | Found a shimmering altar of Xom.
  6365 | D:7      | Found a shimmering altar of Xom.
  6365 | D:7      | Found a shimmering altar of Xom.
  6365 | D:7      | Found a shimmering altar of Xom.
  6365 | D:7      | Found a shimmering altar of Xom.
  6365 | D:7      | Found a shimmering altar of Xom.
  6366 | D:7      | Found a shimmering altar of Xom.
  6376 | D:7      | Reached skill level 10 in Maces & Flails
  7086 | D:7      | Noticed Menkaure
  7093 | D:7      | Killed Menkaure
  7294 | D:8      | Reached skill level 10 in Armour
  7708 | D:8      | Reached XP level 10. HP: 80/90 MP: 9/9
  8386 | D:8      | Found a snail-covered altar of Cheibriados.
  8443 | D:9      | Noticed a centaur warrior
  8449 | D:9      | Found a transporter.
  8450 | D:9      | Noticed a six-headed hydra
  8450 | D:9      | Noticed a centaur warrior
  8450 | D:9      | Noticed a yaktaur captain
  8485 | D:9      | Found a basalt altar of Yredelemnul.
  8518 | D:9      | Found a transporter.
  8538 | D:9      | Noticed a green ugly thing
  8547 | D:9      | Killed a green ugly thing
  8644 | D:9      | Noticed a six-headed hydra
  8678 | D:9      | Killed a six-headed hydra
  8915 | D:9      | Noticed Joseph
  8932 | D:9      | Killed Joseph
  8932 | D:9      | Noticed Maurice
  8960 | D:9      | Killed Maurice
  8972 | D:9      | Reached ***** piety under Trog
  9273 | D:9      | Found Qocid's Weapon Emporium.
  9370 | D:9      | Killed a six-headed hydra
  9370 | D:9      | Shot with a bolt by a yaktaur captain

Illustrated notes

Levels and vault maps discovered:
D:1:      co_arrival_square_in_a_square_in_a_square, layout_basic, serial_shops,
          shop, patterned_corridor
D:2:      layout_rooms, hellmonk_ecumenical_altar_run_dry, uniq_jessica,
          uniq_terence
D:3:      layout_basic
D:4:      layout_layer_cave, lemuel_round_altar, nicolae_ashenzari_skybound,
          minmay_temple_entry_arrows, corexii_shack
D:5:      layout_basic, enter_ossuary_1, small_statue_alley_b
D:6:      layout_rooms, grunt_temple_overflow_open, uniq_crazy_yiuf_cottage,
          uniq_grinder, uniq_blork_the_orc, uniq_prince_ribbit1
D:7:      layout_basic, xom_shifter_show, uniq_menkaure
D:8:      layout_basic, chei_slow_surprise
D:9:      layout_rooms, gammafunk_temple_overflow_arena, serial_shops,
          nicolae_shop_stone, minmay_three_doors, uniq_maurice, uniq_joseph

Skill      XL: |  1  2  3  4  5  6  7  8  9 10 |
---------------+-------------------------------+-----
Maces & Flails | 4 5 6 7 9 11 12 | 12.9
Fighting       | 4 5 6 7 8 9 |  9.8
Armour         | 3 4 5 6 8 10 12 | 12.4
Dodging        | 3 4 5 6 7 8 |  8.7

Action                   |  1- 3 |  4- 6 |  7- 9 | 10-12 || total
-------------------------+-------+-------+-------+-------++-------
Melee: Headbutt          |     7 |    10 |    38 |    33 ||    88
       Mace              |     1 |       |       |       ||     1
       Flail             |    33 |   134 |    57 |       ||   224
       Morningstar       |       |       |   126 |   105 ||   231
       Dire flail        |       |       |       |     7 ||     7
Invok: Berserk           |       |     5 |     4 |     4 ||    13
Armor: Animal skin       |    10 |     2 |       |       ||    12
       Chain mail        |       |    64 |    80 |    55 ||   199
Dodge: Dodged            |    32 |    69 |    87 |    39 ||   227
       Repelled          |       |     1 |     2 |       ||     3

Table legend: (Time is in decaauts)
 A = Elapsed time spent in this place.
 B = Non-inter-level travel time spent in this place.
 C = Inter-level travel time spent in this place.
 D = Time resting spent in this place.
 E = Time spent auto-exploring this place.
 F = Levels seen in this place.
 G = Mean time per level.
                   A        B        C        D        E       F      G
               +--------+--------+--------+--------+--------+-----+--------+
         Total |   9474 |   9261 |    213 |     45 |   8103 |   9 | 1052.7 |
       Dungeon |   9474 |   9261 |    213 |     45 |   8103 |   9 | 1052.7 |
               +--------+--------+--------+--------+--------+-----+--------+

Top non-repeatable levels by time:
     D:4: 1291 daAuts
     D:5: 1244 daAuts
     D:8: 1203 daAuts
     D:7: 1077 daAuts
     D:2: 1031 daAuts
     D:1: 982 daAuts
     D:9: 941 daAuts
     D:6: 880 daAuts
     D:3: 821 daAuts
